Map: Abyssal Reef LE

Players

Snute - Winner!

  • Race: Zerg Zerg
  • Spawn Location: 11:00

Has

  • Race: Protoss Protoss
  • Spawn Location: 5:00

Event: WCS Montreal 2017

VOD

Have the link to the VOD?

Description

Time

  • Played on: Sept. 9, 2017, 1:59 p.m.
  • Length: 12:01

All games in this series

Show
View Real Time Build Order
Export as new Build Order

Snute Zerg - Winner!

Build Orders: Hatch First 

Get SALT Encoding   

  12  0:00  Drone  
  13  0:12  Overlord  
  13  0:17  Drone  
  14  0:30  Drone x2  
  14  0:34  Drone  
  17  0:53  Drone  
  18  0:59  Drone  
  18  1:00  Hatchery  
  18  1:04  Extractor  
  17  1:14  Spawning Pool  
  17  1:18  Drone  
  17  1:22  Drone  
  18  1:27  Drone  
  19  1:38  Overlord  
  19  1:49  Drone  
  20  2:00  Drone  
  21  2:01  Queen  
  21  2:06  Metabolic Boost  
  23  2:10  Zergling x2  
  23  2:11  Queen  
  23  2:13  Drone  
  27  2:21  Drone  
  28  2:23  Drone  
  29  2:32  Drone  
  29  2:33  Drone  
  31  2:42  Hatchery  
  30  2:44  Drone  
  30  2:47  Overlord  
  31  2:55  Queen  
  31  2:56  Zergling x2  
  34  2:59  Zergling x2  
  34  3:04  Zergling x2  
  36  3:06  Zergling x2  
  36  3:10  Drone x3  
  40  3:16  Overlord  
  40  3:20  Zergling x6  
  40  3:22  Drone  
  44  3:27  Overlord  
  44  3:34  Drone  
  44  3:36  Queen  
  44  3:38  Overlord  
  44  3:41  Drone  
  47  3:50  Drone x2  
  47  3:52  Drone  
  47  3:53  Queen  
  47  3:54  Drone x2  
  54  3:55  Drone  
  54  3:57  Drone x2  
  54  4:00  Drone  
  58  4:04  Drone x2  
  58  4:06  Drone  
  60  4:13  Overlord  
  60  4:14  Spore Crawler  
  60  4:15  Drone  
  60  4:16  Drone  
  60  4:22  Drone  
  60  4:23  Drone x2  
  64  4:24  Drone x3  
  64  4:27  Overlord  
  64  4:31  Extractor  
  65  4:32  Spore Crawler  
  65  4:33  Spore Crawler, Drone  
  65  4:34  Drone  
  65  4:37  Drone x2  
  67  4:40  Drone x2  
  67  4:41  Drone  
  69  4:47  Drone x3  
  69  4:51  Lair  
  71  4:54  Drone x2  
  71  4:55  Evolution Chamber  
  71  4:56  Drone  
  71  4:59  Drone x5  
  78  5:07  Hatchery  
  78  5:10  Baneling Nest  
  76  5:14  Drone x5  
  76  5:17  Queen  
  82  5:21  Extractor  
  82  5:22  Extractor  
  82  5:23  Zerg Missile Weapons Level 1  
  82  5:25  Extractor, Overlord x2  
  79  5:31  Overlord  
  79  5:32  Drone x3  
  82  5:37  Overlord  
  82  5:38  Overlord  
  81  5:47  Zergling x8  
  81  5:48  Zergling x4  
  87  5:51  Hydralisk Den  
  87  5:52  Overseer  
  86  6:01  Extractor, Drone  
  86  6:05  Zergling x4  
  86  6:06  Zergling x14  
  95  6:15  Queen  
  95  6:16  Queen  
  95  6:17  Overlord  
  95  6:18  Overlord x2  
  99  6:22  Hydralisk  
  99  6:23  Muscular Augments, Hydralisk  
  109  6:28  Hydralisk  
  113  6:37  Baneling x5  
  111  6:41  Hydralisk  
  111  6:44  Hydralisk x3  
  111  6:45  Zergling x2  
  111  6:46  Zergling x14  
  109  6:49  Baneling x4  
  109  6:50  Hydralisk  
  109  6:51  Zergling x2  
  109  6:52  Zergling x10  
  98  6:56  Hydralisk  
  98  6:59  Zergling x2  
  86  7:03  Zergling x2  
  86  7:04  Zergling x4  
  86  7:06  Hydralisk  
  66  7:12  Zergling x2  
  66  7:13  Zergling x4  
  58  7:15  Zergling x2  
  58  7:16  Zergling x2  
  57  7:29  Hydralisk x3  
  58  7:35  Drone x3  
  58  7:37  Drone x2  
  66  7:42  Drone  
  67  7:44  Drone  
  67  7:48  Drone x2  
  69  7:53  Drone x2  
  69  7:54  Drone  
  69  7:58  Drone x2  
  71  8:00  Drone  
  68  8:17  Drone x5  
  70  8:20  Drone x3  
  70  8:25  Queen  
  70  8:26  Drone x3  
  78  8:28  Drone  
  78  8:30  Drone  
  80  8:35  Drone x2  
  80  8:37  Spore Crawler  
  80  8:39  Hydralisk x2  
  80  8:40  Hydralisk  
  87  8:45  Drone  
  87  8:46  Drone x3  
  90  8:50  Drone x2  
  91  8:57  Spore Crawler, Drone x2  
  85  9:06  Hydralisk x2  
  85  9:07  Hydralisk  
  85  9:08  Drone  
  92  9:10  Queen  
  92  9:11  Queen  
  92  9:16  Drone x2  
  92  9:17  Drone x2  
  99  9:22  Hydralisk x2  
  104  9:24  Drone  
  104  9:29  Drone  
  106  9:34  Zergling x2  
  106  9:35  Zergling x4  
  108  9:40  Hydralisk x3  
  114  9:49  Zergling x14  
  121  9:55  Hydralisk x2  
  121  9:59  Hydralisk x2  
  127  10:04  Hydralisk  
  127  10:05  Hydralisk  
  133  10:09  Baneling  
  133  10:10  Baneling x2  
  133  10:11  Baneling  
  133  10:14  Zergling x2  
  133  10:15  Zergling x14  
  141  10:26  Baneling x5  
  141  10:27  Baneling x5  
  136  10:43  Zergling x4  
  136  10:44  Zergling x32  
  150  10:52  Drone  
  150  10:54  Overlord x2  
  150  10:55  Overlord  
  151  11:07  Baneling x6  
  151  11:09  Baneling x9  
  151  11:13  Hydralisk  
  151  11:14  Hydralisk  
  154  11:23  Baneling x5  
  154  11:25  Zergling x20  
  159  11:26  Zergling x2  
  159  11:37  Zergling x2  
  159  11:38  Zergling x16  
Show
View Real Time Build Order
Export as new Build Order

Has Protoss 

Build Orders: 1 Gate Expand, Oracle Opening, Phoenix Opening 

Get SALT Encoding   

  12  0:00  Probe (Chrono Boost)  
  13  0:11  Probe (Chrono Boost)  
  14  0:18  Pylon  
  14  0:22  Probe (Chrono Boost)  
  15  0:36  Probe (Chrono Boost)  
  15  0:40  Gateway  
  16  0:47  Probe (Chrono Boost)  
  16  0:48  Assimilator  
  17  0:58  Probe (Chrono Boost)  
  18  1:08  Probe (Chrono Boost)  
  19  1:19  Probe (Chrono Boost)  
  20  1:26  Nexus  
  20  1:29  Probe (Chrono Boost)  
  21  1:41  Cybernetics Core  
  21  1:43  Probe (Chrono Boost)  
  22  1:49  Assimilator  
  22  1:58  Probe (Chrono Boost), Pylon  
  23  2:16  Probe (Chrono Boost)  
  23  2:17  Adept (Chrono Boost)  
  23  2:22  Stargate  
  26  2:28  Probe  
  27  2:39  Probe  
  27  2:40  Probe  
  27  2:41  Adept (Chrono Boost)  
  31  2:49  Probe  
  32  2:52  Probe  
  33  3:01  Probe (Chrono Boost)  
  33  3:04  Probe (Chrono Boost)  
  35  3:06  Phoenix (Chrono Boost)  
  35  3:11  Warp Gate  
  37  3:13  Probe (Chrono Boost)  
  39  3:24  Probe (Chrono Boost), Nexus  
  39  3:25  Probe (Chrono Boost)  
  40  3:31  Oracle (Chrono Boost)  
  43  3:34  Probe  
  43  3:37  Probe  
  45  3:46  Probe  
  45  3:47  Probe  
  45  3:55  Pylon x2  
  44  3:58  Probe x2, Twilight Council  
  46  4:13  Oracle (Chrono Boost)  
  49  4:17  Probe, Pylon  
  49  4:18  Probe  
  50  4:27  Probe, Robotics Facility  
  50  4:30  Probe  
  52  4:35  Pylon  
  52  4:38  Probe  
  52  4:42  Probe  
  53  4:46  Charge (Chrono Boost)  
  53  4:50  Probe, Gateway x2  
  53  4:54  Gateway  
  53  4:55  Probe  
  53  4:56  Gateway  
  53  4:58  Gateway  
  54  5:02  Gateway  
  54  5:03  Gateway  
  54  5:04  Gateway  
  53  5:09  Oracle (Chrono Boost)  
  56  5:18  Warp Prism (Chrono Boost)  
  57  5:29  Nexus  
  57  5:32  Pylon  
  57  5:33  Pylon  
  57  5:44  Oracle (Chrono Boost)  
  57  5:47  Pylon  
  60  5:50  Zealot x2  
  60  5:51  Zealot  
  60  5:55  Zealot  
  68  6:07  Pylon  
  68  6:08  Pylon  
  68  6:23  Zealot x7  
  82  6:25  Zealot  
  84  6:43  Zealot x5  
  84  6:44  Zealot  
  93  6:51  Zealot x2  
  89  7:06  Zealot x3  
  89  7:07  Zealot x3  
  99  7:14  Zealot  
  99  7:15  Zealot x7  
  84  7:22  Warp Prism (Chrono Boost)  
  76  7:23  Probe x3  
  77  7:33  Mothership Core  
  77  7:35  Probe x2  
  77  7:37  Pylon  
  77  7:40  Zealot x2  
  81  7:44  Templar Archives  
  81  7:48  Assimilator  
  81  7:49  Assimilator  
  81  7:55  Probe  
  81  7:56  Probe x2  
  81  7:57  Zealot  
  81  7:58  Zealot  
  84  8:05  Probe  
  81  8:14  Probe x2  
  81  8:17  Probe  
  74  8:22  Assimilator  
  74  8:23  Assimilator  
  74  8:24  Oracle  
  74  8:26  Probe x2  
  74  8:27  Probe  
  76  8:38  Probe x2  
  78  8:44  Zealot x4  
  78  8:45  Zealot x2  
  87  8:52  Sentry  
  87  8:55  Oracle  
  89  9:10  High Templar x2  
  89  9:11  Zealot x6  
  89  9:13  Warp Prism (Chrono Boost)  
  89  9:14  Archon  
  107  9:38  High Templar x4  
  111  9:39  Zealot x3  
  111  9:42  Archon  
  111  9:43  Archon  
  111  9:44  Zealot x2  
  125  9:49  Pylon  
  125  9:50  Pylon  
  125  10:05  Pylon  
  125  10:26  Oracle  
  125  10:27  Zealot x8  
  125  10:28  Zealot  
  143  10:31  Psionic Storm  
  116  10:50  Forge  
  116  10:59  High Templar x2  
  116  11:00  High Templar x3  
  116  11:01  High Templar x2, Zealot  
  116  11:02  Zealot  
  134  11:06  Archon  
  134  11:10  Nexus  
  134  11:13  Pylon  
  134  11:14  Pylon  
  116  11:43  Zealot x3  
  116  11:44  Zealot x6  
  91  11:48  Probe x2  
Tags
 
Add a new tag
Caveats
  • Supply blocks, unpowered buildings, or Contaminate may cause inaccurate times.
  • Supply counts are checked every 10 seconds.